cohdb
Replays
Latest Replays
All Replays
Popular Replays
Top Player Replays
Match Explorer
How It Works
Community
CoH3 Stats
Reddit
Sign in to upload your games and track your stats! →
Sign in with Steam
Match 28211265
Unlisted
Match 28211265
Overview
Messages
Build Orders
End
Kettenkrad Recon Vehicle
Construct Infanterie Kompanie
Grenadier Squad
Grenadier Squad
Grenadier Squad
Construct Luftwaffe Kompanie
Jäger Squad
Jäger Squad
Support Elements
Wirbelwind Flakpanzer
Jäger Squad
Wirbelwind Flakpanzer
Medical Station
Pioneer Squad
Luftwaffe Officer Quarters
Wirbelwind Flakpanzer
Jäger Squad
Wirbelwind Flakpanzer
Jäger Squad
Kettenkrad Recon Vehicle
Selects Mechanized Battlegroup
Selects Raid Package
Selects StuG Assault Group
Selects UNKNOWN (2160084)
Selects Spotting Scopes
Selects Wespe Self-propelled Artillery
Selects Zeroing Artillery Barrage
Construct Panzer Kompanie
Panther Heavy Tank
BLITZKRIEG BOB
Wrathment
0
0
Comments
sign in to comment!
No comments posted yet!